 Dungeon Crawl Stone Soup version 0.31-a0-1300-gb6740aa4e6 (webtiles) character file.

Game seed: 9363157947167583611

1555 mdonais the Sneak (level 8, 0/57 HPs)
             Began as an Octopode Brigand on Dec 19, 2023.
             Was a Follower of Okawaru.
             Slain by a sky beast (5 damage)
             ... on level 6 of the Dungeon.
             The game lasted 00:15:00 (6929 turns).

mdonais the Sneak (Octopode Brigand)                Turns: 6929, Time: 00:15:00

Health: 0/57       AC:  1    Str: 16    XL:     8   Next: 88%
Magic:  10/10      EV: 14    Int: 14    God:    Okawaru [*.....]
Gold:   286        SH:  0    Dex: 21    Spells: 7/7 levels left

rFire   . . .        a - +2 dagger (venom)
rCold   . . .        (no shield)
rNeg    . . .        (helmet restricted)
rPois   .            (no amulet)
rElec   .            g - ring of resist corrosion
rCorr   +            v - +6 ring of strength
SInv    .            A - +6 ring of dexterity
Will    .....        (no ring)
Stlth   +++++        (no ring)
HPRegen 0.29/turn    (no ring)
MPRegen 0.12/turn    (no ring)
                     (no ring)

%: no passive effects
@: no status effects
A: almost no armour, amphibious, 8 rings, camouflage 1, gelatinous body 1,
(nimble swimmer 1), tentacles
a: Renounce Religion, Heroism


You were on level 6 of the Dungeon.
You worshipped Okawaru.
Okawaru was aware of your devotion.
You visited 2 branches of the dungeon, and saw 8 of its levels.

You collected 286 gold pieces.

Inventory:

Hand Weapons
 a - a +2 dagger of venom (weapon)
   (You took it off a goblin on level 2 of the Dungeon)
Missiles
 b - 21 poisoned darts
 t - 11 boomerangs
 F - a curare-tipped dart (quivered)
 Z - 2 throwing nets {=!f}
Armour
 x - a +0 kite shield
   (You found it on level 5 of the Dungeon)
Jewellery
 g - a ring of resist corrosion (left tentacle)
   (You found it on level 2 of the Dungeon)
 v - a +6 ring of strength (right tentacle)
   (You found it on level 4 of the Dungeon)
 A - a +6 ring of dexterity (on tentacle)
   (You found it on level 7 of the Dungeon)
Wands
 y - a wand of light (11)
   (You found it on level 5 of the Dungeon)
 D - a wand of digging (12)
   (You found it on level 3 of the Dungeon)
Scrolls
 c - a scroll of enchant weapon
 h - a scroll of immolation
 i - 2 scrolls of vulnerability
 k - a scroll of teleportation {unknown}
 l - 2 scrolls of amnesia
 m - a scroll of silence
 o - a scroll of fog {unknown}
 p - a scroll of poison
 r - a scroll of summoning
 w - a scroll of noise {unknown}
Potions
 d - a potion of degeneration {unknown}
 e - 2 potions of invisibility {unknown}
 f - 2 potions of heal wounds
 j - 4 potions of haste {unknown}
 n - 2 potions of mutation {unknown}
 q - 2 potions of curing {unknown}
 s - a potion of magic {unknown}
 u - 3 potions of attraction {unknown}
 z - a potion of lignification {unknown}


   Skills:
 - Level 6.0 Fighting
 - Level 6.0 Short Blades
 - Level 5.2 Throwing
 - Level 3.0 Dodging
 - Level 6.0 Stealth
 + Level 2.2 Shields
 - Level 3.0 Invocations


You had 7 spell levels left.
You didn't know any spells.
Your spell library contained the following spells:

 Spells                   Type           Power      Damage    Failure   Level
 Inner Flame              Hex/Fire       0%         N/A       65%         3
 Brom's Barrelling Bould  Conj/Erth      0%         2d3       96%         4
 Fireball                 Conj/Fire      0%         3d3       100%        5
 Iskenderun's Battlesphe  Conj           0%         2d6       100%        5
 Yara's Violent Unravell  Hex/Tmut       0%         3d3       100%        5
 Conjure Ball Lightning   Conj/Air       0%         3x3d6     100%        6
 Enfeeble                 Hex            0%         N/A       100%        7
 Orb of Destruction       Conj           0%         9d5       100%        7


Dungeon Overview and Level Annotations

Branches:
Dungeon (7/15) Zot: 26512  Temple (1/1) D:5 Zot: 5983

Altars:
Cheibriados
Dithmenos
Elyvilon
Gozag
Hepliaklqana
Kikubaaqudgha
Makhleb
Okawaru
Qazlal
Ru
Vehumet
Wu Jian
Yredelemnul
Zin
The Shining One

Annotations:
D:7 exclusion: steam dragon


Innate Abilities, Weirdness & Mutations

You cannot wear most types of armour.
You are amphibious.
You can wear up to eight rings at the same time.
Your skin changes colour to match your surroundings (Stealth+).
Your rubbery body absorbs attacks. (AC +1, EV +1)
((You are camouflaged when in or above water. (Stealth+)))
You have tentacles for arms and can constrict up to eight enemies at once.


Message History

Your Invocations skill increases to level 3!
The yak looks more healthy.
Things that are here:
2 stones; a +0 whip
Things that are here:
5 stones; a +0 whip; a kobold corpse
There is a stone staircase leading up here.
The yak closely misses you.
You climb upwards.
There is a stone staircase leading down here.
Throw: dart (curare)
Press: ? - help, Q - select action, (/) - cycle Shift-Dir - straight line, f - yak
Aim: a yak (74% to hit)
You throw a curare-tipped dart.
The curare-tipped dart closely misses the yak.
You gain the combat prowess of a mighty hero.
The yak misses you.
You now have 8/10 mp.
You hit the yak but do no damage.
The yak is poisoned.
The yak closely misses you.
You hit the yak.
The yak looks even sicker.
The yak is lightly wounded.
Health restored: 57 You hit the yak.
The yak looks as sick as possible!
The yak is moderately wounded.
The yak gores you.
You take 1 damage, and have 56/57 hp.
You hit the yak.
The yak looks as sick as possible!
Your squeeze misses the yak.
The yak is heavily wounded.
You hit the yak.
The yak looks as sick as possible!
You tentacle-slap the yak.
The yak is heavily wounded.
The yak completely misses you.
You hit the yak.
The yak looks as sick as possible!
The yak is severely wounded.
You hit the yak.
The yak looks as sick as possible!
The yak is almost dead.
The yak gores you!
You take 15 damage, and have 41/57 hp.
MASSIVE DAMAGE!!
You hit the yak but do no damage.
The yak looks as sick as possible!
The yak is almost dead.
You hit the yak but do no damage.
The yak looks as sick as possible!
You squeeze the yak, but do no damage.
The yak is almost dead.
The yak gores you.
You take 1 damage, and have 40/57 hp.
You hit the yak but do no damage.
The yak looks as sick as possible!
The yak is almost dead.
You hit the yak.
The yak looks as sick as possible!
The yak is almost dead.
You kill the yak!
Okawaru is honoured by your kill.
Base training target 6.0 for Short Blades reached!
Base training target 6.0 for Fighting reached!
Your base Fighting skill increases to level 6!
Your base Short Blades skill increases to level 6!
You need to enable at least one skill for training.
Your base Shields skill increases to level 1!
Magic restored.
You feel like a meek peon again.
HP restored.
F - a curare-tipped dart Done exploring.
Health restored: 57; MP restored: 10 Done exploring.
There is a stone staircase leading down here.
You climb downwards.
Level annotation: exclusion: steam dragon
Found a scroll labelled YSAPEN GY OMU and 17 gold pieces.
Found a stone staircase leading down.
There is a stone staircase leading up here.
A gnoll comes into view. It is wielding a +0 spear.
The gnoll shouts! x2
You hit the gnoll.
The gnoll is poisoned.
Your grab misses the gnoll.
The gnoll is lightly wounded.
The gnoll closely misses you. The gnoll attacks as it pursues you!
The gnoll hits you with a +0 flail!
You take 7 damage, and have 50/57 hp.
There is a stone staircase leading up here.
The bullfrog croaks.
You hit the gnoll.
The gnoll looks as sick as possible!
You grab the gnoll.
The gnoll is almost dead.
You constrict the gnoll.
You kill the gnoll!
Okawaru accepts your kill.
You hit the gnoll.
The gnoll is poisoned.
You grab the gnoll. You squeeze the gnoll.
The gnoll is severely wounded.
You constrict the gnoll, but do no damage.
You hit the gnoll but do no damage.
The gnoll looks as sick as possible!
You squeeze the gnoll, but do no damage.
The gnoll is severely wounded.
You constrict the gnoll.
You kill the gnoll!
Okawaru accepts your kill.
The gnoll hits you from afar with a +0 spear.
You take 6 damage, and have 46/57 hp.
The bullfrog misses you.
The gnoll hits you from afar with a +0 spear.
The sky beast hits you. The sky beast shocks you.
The bullfrog closely misses you.
You climb upwards.
There is a stone staircase leading down here.
You take 13 damage, and have 33/57 hp.
MASSIVE DAMAGE!!
You closely miss the bullfrog. You grab the bullfrog. You squeeze the bullfrog.
The bullfrog is lightly wounded.
You constrict the bullfrog. The sky beast misses you. The bullfrog hits you!
You take 7 damage, and have 26/57 hp.
You hit the sky beast.
The sky beast is poisoned.
Your squeeze misses the sky beast.
The sky beast is lightly wounded.
You constrict the bullfrog. The bullfrog hits you.
The sky beast completely misses you.
You take 5 damage, and have 21/57 hp.
You hit the sky beast but do no damage.
The sky beast looks as sick as possible!
The sky beast is lightly wounded.
You constrict the bullfrog. The bullfrog hits you.
* * * LOW HITPOINT WARNING * * *
You take 6 damage, and have 15/57 hp.
You hit the bullfrog.
The bullfrog is poisoned.
You squeeze the bullfrog.
The bullfrog is severely wounded.
You constrict the bullfrog.
The sky beast flickers out of sight!
Deactivating autopickup; reactivate with Ctrl-A.
Something hits you.
* * * LOW HITPOINT WARNING * * *
Something shocks you.
* * * LOW HITPOINT WARNING * * *
The bullfrog hits you.
* * * LOW HITPOINT WARNING * * *
You take 12 damage, and have 3/57 hp.
MASSIVE DAMAGE!!
It was a potion of heal wounds.
You feel much better.
You constrict the bullfrog. The bullfrog barely misses you. Something hits you.
Something shocks you.
You regained 15 hp, and now have 18/57 hp.
You miss something. Your squeeze misses something. You constrict the bullfrog.
You kill the bullfrog!
Okawaru accepts your kill. Something hits you but does no damage.
Your Shields skill increases to level 2!
You barely miss something. You hit something but do no damage.
Something hits you.
* * * LOW HITPOINT WARNING * * *
Something shocks you.
* * * LOW HITPOINT WARNING * * *
You take 9 damage, and have 9/57 hp.
You hit something. Your squeeze misses something. Something hits you.
* * * LOW HITPOINT WARNING * * *
Something shocks you.
You die...

.........................######
..............#.#.###.#..#
..........##..#.#.# #.#..#
..................# #.#..#
............#.##..###.#..#
.##.#####.#.#.##......#..#
..#.# #.#...##..###.#..# ..#.#
#.##.............# ..#.#
#.##...{@.###.#.## #.#.#
#.#####..†..#.#.#
#.#.#####.######..#.#.#.#
......................#.#
..................#.###.#
#.................(.# #.#
#.#.####.#.#####...####.####
#.#.# #.#.# #...........# #.#.#
#.#.# #...####.##.#


There were no monsters in sight!

Vanquished Creatures
  A yak (D:6)
  Menkaure (D:5)
  An orc warrior (D:6)
  A black bear (D:6)
  A phantom (D:4)
  A kobold brigand (D:6)
  3 bullfrogs (D:6)
  2 scorpions (D:5)
  A gnoll bouda (D:5)
  5 hounds
  2 orc priests (D:5)
  A sleepcap (D:6)
  4 iguanas
  Robin (D:2)
  7 adders
  6 gnolls
  2 shadow imps (D:5)
  A white imp (D:6)
  2 ufetubi (D:5)
  A worm (D:2)
  2 dart slugs
  20 orcs
  8 endoplasms
  5 giant cockroaches
  11 goblins
  9 hobgoblins
  6 jackals (D:2)
  13 kobolds
  4 quokkas
  6 ball pythons
  2 bats
  6 frilled lizards
  3 rats
139 creatures vanquished.

Notes
Turn   | Place    | Note
-------+----------+-------------------------------------------
     0 | D:1      | mdonais the Octopode Brigand began the quest for the Orb.
     0 | D:1      | Reached XP level 1. HP: 14/14 MP: 1/1
   153 | D:1      | Reached XP level 2. HP: 19/19 MP: 2/2
   749 | D:2      | Reached XP level 3. HP: 25/25 MP: 3/3
  1053 | D:2      | Noticed Robin
  1073 | D:2      | Killed Robin
  1074 | D:2      | Reached XP level 4. HP: 29/30 MP: 4/4
  1316 | D:2      | Found a faded altar of an unknown god.
  1717 | D:2      | Found a faded altar of an unknown god.
  2269 | D:3      | Found a basalt altar of Yredelemnul.
  2614 | D:4      | Reached XP level 5. HP: 31/36 MP: 5/5
  2865 | D:4      | Noticed a phantom
  2884 | D:4      | Killed a phantom
  2885 | D:4      | Reached XP level 6. HP: 17/42 MP: 6/6
  3357 | D:4      | Found a hazy altar of Hepliaklqana.
  3406 | D:5      | Entered Level 5 of the Dungeon
  3649 | D:5      | Reached XP level 7. HP: 32/48 MP: 7/7
  3769 | D:5      | Found a staircase to the Ecumenical Temple.
  3788 | Temple   | Entered the Ecumenical Temple
  3796 | Temple   | Became a worshipper of Warmaster Okawaru
  3824 | D:5      | Noticed Menkaure
  3842 | D:5      | Killed Menkaure
  4831 | D:6      | Reached XP level 8. HP: 54/54 MP: 8/8
  4873 | D:6      | Reached skill level 5 in Fighting
  4873 | D:6      | Reached skill level 5 in Short Blades
  4873 | D:6      | Reached skill level 5 in Throwing
  5241 | D:6      | Reached * piety under Okawaru
  5410 | D:6      | Reached skill level 1 in Invocations
  6762 | D:7      | Noticed a yak
  6763 | D:7      | Noticed a yak
  6764 | D:7      | Noticed a yak
  6765 | D:7      | Noticed a yak
  6820 | D:6      | Killed a yak
  6821 | D:6      | Reached skill level 1 in Shields
  6929 | D:6      | Slain by a sky beast

Illustrated notes

Levels and vault maps discovered:
D:1:      lemuel_arrival_tunnels, layout_loops_ring
D:2:      layout_loops_cross, basic_ecumenical_altar, uniq_robin
D:3:      layout_loops_ring, lemuel_crystal_altar
D:4:      layout_loops_ring, nicolae_hepliaklqana_hippocampus,
          serial_bayou_lake_a
D:5:      layout_loops_ring, minmay_temple_entry_tees, uniq_menkaure
D:6:      layout_basic, kennysheep_nub
D:7:      layout_cave_pools, trog_butcher_becter
Temple:   hellmonk_temple_forest_ring

Skill      XL: |  1  2  3  4  5  6  7  8 |
---------------+-------------------------+-----
Fighting       | 3 4 6 |  6.0
Short Blades   | 3 4 6 |  6.0
Throwing       | 3 4 5 |  5.2
Stealth        | 6 |  6.0
Dodging        | 2 3 |  3.0
Invocations    | 3 |  3.0
Shields        | 2 |  2.2

Action                     |  1- 3 |  4- 6 |  7- 9 || total
---------------------------+-------+-------+-------++-------
  Melee: Dagger            |    64 |    96 |   119 ||   279
         Constrict         |    12 |    20 |    32 ||    64
         Tentacles         |    11 |    22 |    38 ||    71
         Punch             |       |     1 |     2 ||     3
  Throw: Dart              |    12 |     8 |    16 ||    36
 Invoke: Heroism           |       |       |     1 ||     1
    Use: Scroll            |       |     5 |     2 ||     7
         Potion            |       |       |     1 ||     1
   Stab: Sleeping          |    16 |    14 |    10 ||    40
 Armour: Skin              |    10 |    30 |    63 ||   103
  Dodge: Dodged            |    18 |    33 |    66 ||   117

Table legend: (Time is in decaauts)
 A = Elapsed time spent in this place.
 B = Non-inter-level travel time spent in this place.
 C = Inter-level travel time spent in this place.
 D = Time resting spent in this place.
 E = Time spent auto-exploring this place.
 F = Levels seen in this place.
 G = Mean time per level.
                   A        B        C        D        E       F      G
               +--------+--------+--------+--------+--------+-----+--------+
         Total |   6878 |   6562 |    316 |    753 |   4686 |   8 |  859.8 |
       Dungeon |   6861 |   6560 |    301 |    753 |   4686 |   7 |  980.1 |
        Temple |     16 |      1 |     15 |      0 |      0 |   1 |   16.0 |
               +--------+--------+--------+--------+--------+-----+--------+

Top non-repeatable levels by time:
     D:6: 2049 daAuts
     D:2: 1258 daAuts
     D:5: 1140 daAuts
     D:4: 841 daAuts
     D:1: 710 daAuts
     D:3: 651 daAuts
     D:7: 209 daAuts
  Temple: 16 daAuts
